 Dungeon Crawl Stone Soup version 0.31-a0-174-g85c54bcb58 (webtiles) character file.

Game seed: 7400848764234873604

45 qw the Shooter (level 3, 0/32 HPs)
             Began as a Naga Hunter on June 15, 2023.
             Slain by a hobgoblin (2 damage)
             ... led by Robin
             ... on level 2 of the Dungeon.
             The game lasted 00:00:16 (894 turns).

qw the Shooter (Naga Hunter)                         Turns: 894, Time: 00:00:17

Health: 0/32       AC:  3    Str: 13    XL:     3   Next: 64%
Magic:  3/3        EV:  9    Int:  9    God:
Gold:   62         SH:  0    Dex: 16    Spells: 2/2 levels left

rFire   . . .        Y - +0 shortbow
rCold   . . .        (shield currently unavailable)
rNeg    . . .        c - +0 leather armour
rPois   +            (no helmet)
rElec   .            g - +0 cloak
rCorr   .            (no gloves)
SInv    +            (no barding)
Will    .....        (no amulet)
Stlth   ++           (no ring)
HPRegen 0.25/turn    (no ring)
MPRegen 0.08/turn

%: no passive effects
@: short of breath, very slow
A: AC +1, large, see invisible, deformed body, poison resistance, slowness 2,
spit poison 1, naga tail 1
a: Spit Poison


You were on level 2 of the Dungeon.
You visited 1 branch of the dungeon, and saw 2 of its levels.

You collected 62 gold pieces.


Innate Abilities, Weirdness & Mutations

Your serpentine skin is tough. (AC +1)
You have supernaturally acute eyesight. (SInv)
Armour fits poorly on your strangely shaped body.
Your system is resistant to poisons. (rPois)
You cover ground very slowly.
You can spit poison.
You have a snake-like lower body.


   Skills:
 - Level 2.0 Fighting
 + Level 4.8 Ranged Weapons
 - Level 1.5 Dodging
 - Level 1.5 Stealth


You had 2 spell levels left.
You didn't know any spells.
Your spell library was empty.

Inventory:

Hand Weapons
 Y - a +0 shortbow (weapon)
Armour
 c - a +0 leather armour (worn)
 g - a +0 cloak (worn)
Scrolls
 a - a scroll of amnesia {unknown}
Potions
 e - a potion of heal wounds {unknown}
 f - a potion of magic {unknown}

Dungeon Overview and Level Annotations

Branches:
Dungeon (2/15)

Altars:

Annotations:
D:2 Robin


Message History

You shoot an arrow. The hobgoblin shouts!
The arrow hits the goblin.
You kill the goblin!
You hear a shout!
You shoot an arrow. The arrow hits the goblin!
You kill the goblin!
You have got your breath back.
889 ||| INVOKING Spit Poison.
Aiming: Spit Poison (2% risk of failure)
Press: ? - help, Shift-Dir - straight line, f - goblin The splash of poison hits the goblin.
The goblin is poisoned.
The goblin is moderately wounded.
Robin of the Strong Arm comes into view.
They are wielding a +0 club.
You shoot an arrow. The arrow hits the goblin!
You kill the goblin!
Robin roars a battlecry!
The goblins go into a battle-frenzy!
You shoot an arrow.
The arrow hits the goblin but does no damage.
The goblin is moderately wounded.
You have got your breath back.
The goblin hits you but does no damage.
892 ||| INVOKING Spit Poison.
Aiming: Spit Poison (2% risk of failure)
Press: ? - help, Shift-Dir - straight line, f/p - goblin The splash of poison misses the goblin.
A hobgoblin comes into view.
The goblin hits you with a +0 dagger. The goblin closely misses you.
The hobgoblin hits you.
You shoot an arrow. The arrow barely misses the goblin.
The goblin barely misses you. The goblin hits you with a +0 club.
The hobgoblin closely misses you. The goblin hits you with a +0 club.
The hobgoblin hits you. The goblin hits you but does no damage.
The hobgoblin barely misses you.
You shoot an arrow. The arrow hits the goblin.
The goblin is heavily wounded.
The hobgoblin hits you. The goblin hits you with a +0 dagger.
The goblin hits you with a +0 club. The hobgoblin hits you.
You die...

## #..... #.#
#.#### ##
#.#####.## #
####.###.......#
#
##.###.#.#####..#
# ##...###.##
#..# #
#####.........#
#.(###
#.....>..#.#..#
#.....
#.##..g@##.#..#
##.###
......ggg.....#
#.#
#.##...)##....#
#.# #
###.g#######
##.## #g.. #...#
.... ###.#.# ....
##.#...# ......
####...#.##
+........###


You could see Robin, 3 hobgoblins and 2 goblins.

Vanquished Creatures
  An adder (D:2)
  A dart slug (D:1)
  An endoplasm (D:1)
  5 giant cockroaches
  5 goblins
  5 hobgoblins
  2 kobolds (D:1)
  2 quokkas (D:1)
  4 ball pythons (D:1)
  A frilled lizard (D:1)
  2 rats (D:1)
29 creatures vanquished.

Notes
Turn   | Place    | Note
-------+----------+-------------------------------------------
     0 | D:1      | qw the Naga Hunter began the quest for the Orb.
     0 | D:1      | Reached XP level 1. HP: 19/19 MP: 1/1
     0 | D:1      | 0 ||| qw: Version: 0.2-a-29-g511e9b1
     0 | D:1      | 0 ||| qw: Game counter: 5489
     0 | D:1      | 0 ||| qw: Always use a shield: true
     0 | D:1      | 0 ||| qw: God list: Okawaru
     0 | D:1      | 0 ||| qw: Allow faded altars: false
     0 | D:1      | 0 ||| qw: Do Orc after D:15 true
     0 | D:1      | 0 ||| qw: Do second Lair branch before Depths: true
     0 | D:1      | 0 ||| qw: Lair rune preference: random
     0 | D:1      | 0 ||| qw: Plans: Normal
     0 | D:1      | 0 ||| PLANNING D:1-11
    19 | D:1      | 19 ||| INVOKING Spit Poison.
    62 | D:1      | 62 ||| INVOKING Spit Poison.
    67 | D:1      | 67 ||| INVOKING Spit Poison.
   166 | D:1      | 166 ||| INVOKING Spit Poison.
   167 | D:1      | Reached skill level 4 in Ranged Weapons
   167 | D:1      | Reached XP level 2. HP: 26/26 MP: 2/2
   183 | D:1      | 183 ||| INVOKING Spit Poison.
   213 | D:1      | 213 ||| INVOKING Spit Poison.
   223 | D:1      | 223 ||| INVOKING Spit Poison.
   291 | D:1      | 291 ||| INVOKING Spit Poison.
   325 | D:1      | 325 ||| INVOKING Spit Poison.
   331 | D:1      | 331 ||| INVOKING Spit Poison.
   345 | D:1      | 345 ||| INVOKING Spit Poison.
   355 | D:1      | 355 ||| INVOKING Spit Poison.
   379 | D:1      | 379 ||| INVOKING Spit Poison.
   523 | D:1      | 523 ||| INVOKING Spit Poison.
   526 | D:1      | 526 ||| INVOKING Spit Poison.
   527 | D:1      | Reached XP level 3. HP: 32/32 MP: 3/3
   732 | D:1      | 732 ||| UPGRADING to +0 cloak.
   737 | D:1      | 737 ||| READING scroll labelled JONOTA ZA MEM.
   795 | D:1      | 795 ||| READING scroll labelled ICHEPI DAL EPREO.
   796 | D:1      | 796 ||| READING scroll labelled SAEWKU QETOMNAB.
   799 | D:1      | 799 ||| DROPPING scroll of butterflies.
   857 | D:2      | 857 ||| INVOKING Spit Poison.
   870 | D:2      | 870 ||| INVOKING Spit Poison.
   881 | D:2      | 881 ||| INVOKING Spit Poison.
   884 | D:2      | 884 ||| INVOKING Spit Poison.
   889 | D:2      | 889 ||| INVOKING Spit Poison.
   889 | D:2      | Noticed Robin
   892 | D:2      | 892 ||| INVOKING Spit Poison.
   894 | D:2      | HP: 8/32 [goblin/+0 dagger[Robin] (2)]
   894 | D:2      | HP: 2/32 [goblin/+0 club[Robin] (6)]
   894 | D:2      | Slain by a hobgoblin

Levels and vault maps discovered:
D:1:      dpeg_arrival_windows_large_door, layout_basic, minmay_tiny_reverse_x
D:2:      layout_loops_corners, serial_shops, shop,
          dreamdust_ecumenical_altar_grove, minmay_ruptured, uniq_robin

Skill      XL: |  1 |
---------------+----+-----
Ranged Weapons | 4 |  4.8
Fighting       | |  2.0
Dodging        | |  1.5
Stealth        | |  1.5

Action                     || total
---------------------------++-------
   Fire: Shortbow          ||    38
Ability: Spit Poison       ||    21
    Use: Scroll            ||     3
 Armour: Leather armour    ||     2
  Dodge: Dodged            ||     6

Table legend:
 A = Non-vault XP
 B = Vault XP
 C = Vault XP percentage of total XP
 D = Non-vault monster count
 E = Vault monster count
 F = Vault count percentage of total count
                 A         B        C        D         E       F
            +---------+---------+-------+---------+---------+-------
      Total |      51 |      14 |  21.5 |      22 |       7 |  24.1
            +---------+---------+-------+---------+---------+-------
        D:1 |      36 |       4 |  10.0 |      20 |       2 |   9.1
        D:2 |      15 |      10 |  40.0 |       2 |       5 |  71.4
            +---------+---------+-------+---------+---------+-------
